 Dungeon Crawl Stone Soup version 0.31.0-4-g52a2dc7128 (webtiles) character file.

Game seed: 10882759055614137493

32 olmar the Covered (level 3, -4/30 HPs)
             Began as an Armataur Fighter on Jan 22, 2024.
             Slain by an orc priest
             ... wielding a +0 flail
              (7 damage)
             ... on level 3 of the Dungeon.
             The game lasted 00:01:28 (1036 turns).

olmar the Covered (Armataur Fighter)                Turns: 1036, Time: 00:01:28

Health: -4/30      AC:  7    Str: 23    XL:     3   Next: 8%
Magic:  3/3        EV:  7    Int:  8    God:
Gold:   76         SH:  4    Dex:  9    Spells: 2/2 levels left

rFire   . . .        a - +0 flail
rCold   . . .        c - +0 buckler
rNeg    . . .        b - +0 scale mail
rPois   .            (no helmet)
rElec   .            (no cloak)
rCorr   .            (no gloves)
SInv    .            (no barding)
Will    .....        (no amulet) Stlth
                     (no ring)
HPRegen 0.25/turn    (no ring)
MPRegen 0.08/turn

%: roll
@: mighty
A: large, deformed body, tough skin 3, armoured tail, roll 1
a: no special abilities


You were on level 3 of the Dungeon.
You visited 1 branch of the dungeon, and saw 3 of its levels.

You collected 76 gold pieces.

Inventory:

Hand Weapons
 a - a +0 flail (weapon)
Missiles
 h - 6 poisoned darts (quivered)
Armour
 b - a +0 scale mail (worn)
 c - a +0 buckler (worn)
Jewellery
 j - an amulet of regeneration
Scrolls
 e - 2 scrolls of enchant weapon {unknown}
 f - a scroll of enchant armour {unknown}
 g - 4 scrolls of identify {unknown}
Potions
 i - a potion of magic {unknown}


   Skills:
 + Level 2.8 Fighting
 + Level 1.9 Maces & Flails
 + Level 4.4 Armour
 + Level 3.7 Shields


You had 2 spell levels left.
You didn't know any spells.
Your spell library contained the following spells:

 Spells                   Type           Power      Damage    Failure   Level
 Kiss of Death            Conj/Necr      0%         2d5       77%         1
 Confusing Touch          Hex            0%         N/A       98%         3
 Inner Flame              Hex/Fire       0%         N/A       98%         3
 Dispel Undead            Necr           0%         3d6       100%        4
 Irradiate                Conj/Alch      0%         3d11      100%        5
 Ignition                 Fire           0%         3d3       100%        8


Dungeon Overview and Level Annotations

Branches:
Dungeon (3/15)

Altars:
Cheibriados


Innate Abilities, Weirdness & Mutations

Armour fits poorly on your strangely shaped body.
You have extremely tough skin. (AC +3)
You have a long armoured tail.
You regenerate magic when rolling toward enemies. (Rampage MPRegen)


Message History

The orc is heavily wounded.
The orc hits you but does no damage. x2
You closely miss the orc.
The orc is heavily wounded.
The orc hits you with a +0 short sword.
You hit the orc.
Your tail-slap misses the orc.
The orc is heavily wounded.
Unknown command.
You hit the orc but do no damage.
The orc is heavily wounded.
The orc barely misses you.
Okay, then.
You hit the orc but do no damage. The orc hits you with a +0 short sword.
The orc hits you but does no damage.
You hit the orc.
The orc is heavily wounded.
The orc hits you with a +0 short sword. The orc barely misses you.
You hit the orc.
You kill the orc!
The orc hits you but does no damage.
You have reached level 3!
Your experience leads to an increase in your attributes!
Increase (S)trength, (I)ntelligence, or (D)exterity?
You feel stronger. x2
Unknown command.
You feel very mighty all of a sudden. The orc barely misses you.
The orc hits you but does no damage.
You sock the orc!
You kill the orc!
You barely miss the orc priest. The orc priest closely misses you.
The orc hits you with a +0 club.
Unknown command.
You hit the orc priest.
The orc priest is heavily wounded.
The orc hits you with a +0 club.
The orc priest invokes the aid of Beogh against you.
Beogh smites you!
* * * LOW HITPOINT WARNING * * *
The orc priest hits you with a +0 flail!
You die...

#.....#### ..#
+.....+..#######.$.#
#.....#........#...#
#..............#...#
#.^...#........#...#
#.....#...........#
####'##...........#
.....##.####......#
.######..#####.o@.#
.# #.'#.# #+o### .#
###..# ##......# ##
#.._# o.....# .#
##### o.....# .#
oo....# .# ......#
.# oo....# .##
$o....#


You could see an orc priest and an orc.

Vanquished Creatures
  An adder (D:3)
  A ribbon worm (D:2)
  2 orcs (D:3)
  A ball python (D:2)
  3 endoplasms
  A giant cockroach (D:2)
  3 goblins
  A hobgoblin (D:2)
  A quokka (D:2)
  3 rats
17 creatures vanquished.

Notes
Turn   | Place    | Note
-------+----------+-------------------------------------------
     0 | D:1      | olmar the Armataur Fighter began the quest for the Orb.
     0 | D:1      | Reached XP level 1. HP: 18/18 MP: 1/1
   757 | D:2      | Reached XP level 2. HP: 23/25 MP: 2/2
   831 | D:2      | Reached skill level 4 in Armour
   887 | D:2      | You fall into a shaft and drop 1 floor!
  1006 | D:3      | Found a snail-covered altar of Cheibriados.
  1033 | D:3      | Reached XP level 3. HP: 23/30 MP: 3/3
  1036 | D:3      | Slain by an orc priest

Illustrated notes

Levels and vault maps discovered:
D:1:      amcnicky_arrival_single_pillar, layout_basic,
          minmay_misc_feat_ornament
D:2:      layout_basic
D:3:      layout_basic, nicolae_overflow_quartered_altars, serial_undead,
          serial_undead_f, serial_undead_b, serial_undead_d, serial_undead_c,
          serial_undead_b, serial_undead_a, serial_undead_f, serial_undead_b

Skill      XL: |  1  2 |
---------------+-------+-----
Armour         | 4 |  4.4
Fighting       | |  2.8
Maces & Flails | |  1.9
Shields        | |  3.7

Action                     || total
---------------------------++-------
  Melee: Flail             ||    48
         Tailslap          ||     1
    Use: Potion            ||     1
 Armour: Scale mail        ||    39
  Dodge: Dodged            ||    13
  Block: Buckler           ||     6
